 Dungeon Crawl Stone Soup version 0.31-a0-981-geadf994542 (webtiles) character file.

Game seed: 14074410734808990680

493 jasper the Insei (level 6, -2/48 HPs)
             Began as a Demonspawn Shapeshifter on Nov 1, 2023.
             Splashed by a jelly's acid (10 damage)
             ... on level 5 of the Dungeon.
             The game lasted 00:05:56 (3359 turns).

jasper the Insei (Demonspawn Shapeshifter)          Turns: 3359, Time: 00:05:56

Health: -2/48      AC: -10   Str: 14    XL:     6   Next: 92%
Magic:  6/6        EV: 10    Int: 11    God:
Gold:   246        SH:  0    Dex: 15    Spells: 5/5 levels left

rFire   . .          .
                       - Unarmed
rCold   . . .        (no shield)
rNeg    . . .        l - +0 scale mail
rPois   .            (helmet currently unavailable)
rElec   .            (cloak currently unavailable)
rCorr   .            (gloves currently unavailable)
SInv    .            (boots currently unavailable)
Will    .....        (no amulet) Stlth
                     (no ring)
HPRegen 0.28/turn    (no ring)
MPRegen 0.10/turn

%: no passive effects
@: beast-form, corroded
A: beast (slay +1), hooves 1, ignite blood 1, powered by pain 2
a: Begin Untransformation


You were on level 5 of the Dungeon.
You were a hulking beast.
You visited 1 branch of the dungeon, and saw 5 of its levels.

You collected 246 gold pieces.

Inventory:

Missiles
 h - a throwing net
 p - 9 poisoned darts
Armour
 a - a +0 animal skin
 g - a +0 ring mail
 j - a +0 cloak
 l - a +0 scale mail (worn)
 r - the +2 helmet of Bursted Tender Moments {rN+}
   (You found it on level 4 of the Dungeon)

   rN+:       It protects you from negative energy.
 s - the +1 robe of Inaction {+Inv rPois rN+ Stlth-}
   (You found it on level 5 of the Dungeon)

   rPois:     It protects you from poison rN+: It protects you from negative
   energy.
   +Inv:      It lets you turn invisible.
   Stlth-:    It makes you less stealthy.
Talismans
 c - a beast talisman (active)
 d - a flux talisman
Wands
 o - a wand of polymorph (5)
Scrolls
 e - a scroll of fear
 k - a scroll of teleportation
Potions
 b - a potion of might
 f - a potion of brilliance
 i - a potion of haste {unknown}
 m - a potion of invisibility {unknown}
 n - a potion of heal wounds {unknown}
 q - 2 potions of curing


   Skills:
 + Level 4.2 Fighting
 + Level 4.1 Dodging
 + Level 4.6 Unarmed Combat
 - Level 2.6 Shapeshifting


You had 5 spell levels left.
You didn't know any spells.
Your spell library was empty.

Dungeon Overview and Level Annotations

Branches:
Dungeon (5/15)
 Temple: D:4-7

Altars:


Innate Abilities, Weirdness & Mutations

You are a hulking beast.
Your limbs bulge with bestial killing power. (Slay +1)
You have large cloven feet.
Your demonic aura sometimes causes spilled blood to erupt in flames.
You sometimes gain power by taking damage.


Message History

s - the +1 robe of Inaction {+Inv rPois rN+ Stlth-} You hit the jelly.
The acid corrodes you!
Your hands burn!
You kick the jelly, but do no damage.
The jelly is lightly wounded.
The jelly barely misses you.
You take 1 damage, and have 47/48 hp.
You hit the jelly.
Your hands burn!
The jelly is moderately wounded.
The jelly jiggles.
The jelly barely misses you.
You take 2 damage, and have 45/48 hp.
You hit the jelly.
Your hands burn!
The jelly is severely wounded.
The jelly hits you. The acid corrodes you!
You are splashed with acid!
You take 14 damage, and have 31/48 hp.
MASSIVE DAMAGE!!
You hit the jelly but do no damage. The acid corrodes you!
Your hands burn!
The jelly is severely wounded.
The orc closely misses you. The jelly misses you.
You take 2 damage, and have 29/48 hp.
You hit the jelly. The acid corrodes you!
Your hands burn!
The jelly is severely wounded.
The orc hits you with a +0 dagger. The jelly hits you.
You are splashed with acid.
You take 12 damage, and have 17/48 hp.
MASSIVE DAMAGE!!
You hit the jelly but do no damage.
Your hands burn!
* * * LOW HITPOINT WARNING * * *
You kick the jelly.
The jelly is almost dead.
The orc barely misses you. The jelly hits you.
* * * LOW HITPOINT WARNING * * *
You are splashed with acid.
* * * LOW HITPOINT WARNING * * *
A jelly comes into view.
You take 12 damage, and have 5/48 hp.
MASSIVE DAMAGE!!
It was a potion of curing.
You feel better. The orc hits you with a +0 dagger.
* * * LOW HITPOINT WARNING * * *
The jelly hits you.
* * * LOW HITPOINT WARNING * * *
The acid corrodes you!
You are splashed with acid!
You die...

... ... #..# .## ...
#..#...#.... ..# #..#.........
..# #..#......... ..# .##
##............ ..#
#..########....J........ ..##
#........o.............. ...##
##.......hJ..............
#...####.......#####............
...........### #............
.###......## #....>....... ##
####...## #..)......... # ##...#
#..........#. # ##..##
##.........## #
##...#######.........## ##
##............#####..##


You could see 2 jellies and an orc.

Vanquished Creatures
  A sky beast (D:4)
  A black bear (D:4)
  A scorpion (D:4)
  A sleepcap (D:3)
  Jessica (D:3)
  An iguana (D:4)
  Robin (D:4)
  3 gnolls (D:4)
  4 adders
  A worm (D:2)
  An orc (D:5)
  10 ball pythons
  3 bats
  9 endoplasms
  4 giant cockroaches
  18 goblins
  11 hobgoblins
  4 kobolds
  A quokka (D:1)
  2 frilled lizards
  9 rats
87 creatures vanquished.

Notes
Turn   | Place    | Note
-------+----------+-------------------------------------------
     0 | D:1      | jasper the Demonspawn Shapeshifter began the quest for the
                  | Orb.
     0 | D:1      | Reached XP level 1. HP: 15/15 MP: 1/1
   218 | D:1      | Gained mutation: You sometimes gain a little power by
                  | taking damage. [demonic ancestry]
   218 | D:1      | Reached XP level 2. HP: 14/21 MP: 2/2
   921 | D:2      | Discovered your monstrous ancestry.
   921 | D:2      | Gained mutation: You have large cloven feet. [demonic
                  | ancestry]
   921 | D:2      | Reached XP level 3. HP: 22/27 MP: 3/3
  1747 | D:3      | Reached XP level 4. HP: 27/34 MP: 4/4
  2021 | D:3      | Noticed Jessica
  2058 | D:3      | Killed Jessica
  2059 | D:3      | Gained mutation: Your demonic aura sometimes causes spilled
                  | blood to erupt in flames. [demonic ancestry]
  2059 | D:3      | Reached XP level 5. HP: 20/40 MP: 5/5
  2391 | D:4      | Noticed a black bear
  2396 | D:4      | Killed a black bear
  2563 | D:4      | Gained mutation: You sometimes gain power by taking damage.
                  | [demonic ancestry]
  2563 | D:4      | Reached XP level 6. HP: 41/47 MP: 6/6
  2737 | D:4      | Identified the +2 helmet of Bursted Tender Moments {rN+}
  2840 | D:4      | Noticed Robin
  2864 | D:4      | Killed Robin
  3009 | D:4      | Noticed a sky beast
  3022 | D:4      | Killed a sky beast
  3266 | D:5      | Entered Level 5 of the Dungeon
  3346 | D:5      | Identified the +1 robe of Inaction {+Inv rPois rN+ Stlth-}
  3359 | D:5      | Splashed by a jelly's acid

Illustrated notes

Levels and vault maps discovered:
D:1:      lightli_arrival_boilingwater, layout_basic, bh_walls_and_bars
D:2:      minmay_door_path, layout_basic
D:3:      layout_rooms, uniq_jessica
D:4:      layout_rooms, hangedman_decor_slide_cut, kennysheep_generic_room_6,
          uniq_robin
D:5:      layout_layer_cave, amcnicky_altar_gilded, serial_shops, shop

Skill      XL: |  1  2  3  4  5  6 |
---------------+-------------------+-----
Dodging        | 2 3 4 |  4.1
Unarmed Combat | 3 4 |  4.6
Fighting       | 2 3 4 |  4.2
Shapeshifting  | |  2.6

Action                     |  1- 3 |  4- 6 || total
---------------------------+-------+-------++-------
  Melee: Unarmed           |   114 |   138 ||   252
         Kick              |     8 |    40 ||    48
         Punch             |     1 |     5 ||     6
  Evoke: Wand              |       |     1 ||     1
    Use: Scroll            |     4 |     1 ||     5
         Potion            |       |     2 ||     2
 Armour: Ring mail         |    56 |     3 ||    59
         Animal skin       |     1 |       ||     1
         Scale mail        |       |    88 ||    88
         Skin              |       |     3 ||     3
  Dodge: Dodged            |    67 |    87 ||   154
   Form: Beast             |     1 |       ||     1

Table legend: (Time is in decaauts)
 A = Elapsed time spent in this place.
 B = Non-inter-level travel time spent in this place.
 C = Inter-level travel time spent in this place.
 D = Time resting spent in this place.
 E = Time spent auto-exploring this place.
 F = Levels seen in this place.
 G = Mean time per level.
                   A        B        C        D        E       F      G
               +--------+--------+--------+--------+--------+-----+--------+
         Total |   3348 |   3255 |     93 |     23 |   2524 |   5 |  669.6 |
       Dungeon |   3348 |   3255 |     93 |     23 |   2524 |   5 |  669.6 |
               +--------+--------+--------+--------+--------+-----+--------+

Top non-repeatable levels by time:
     D:2: 997 daAuts
     D:4: 868 daAuts
     D:1: 732 daAuts
     D:3: 657 daAuts
     D:5: 91 daAuts
